 Seeded DCSS version 0.28-a0-1182-g381e24db82 (webtiles) character file.

Game seed: 12130800008223909736 (custom seed)

686 croobank the Slasher (level 7, -4/61 HPs)
             Began as a Minotaur Berserker on Dec 16, 2021.
             Was a Believer of Trog.
             Slain by Eustachio (5 damage)
             ... on level 5 of the Dungeon.
             The game lasted 00:17:56 (3649 turns).

croobank the Slasher (Minotaur Berserker)           Turns: 3649, Time: 00:17:56

Health: -4/61      AC:  7    Str: 24    XL:     7   Next: 35%
Magic:  6/6        EV: 11    Int:  4    God:    Trog [**....]
Gold:   343        SH:  0    Dex:  9    Spells: 6/6 levels left

rFire   + . .      SeeInvis .   y - +2 demon blade (venom)
rCold   x . .      Faith    .   (no shield)
rNeg    . . .      Spirit   .   n - +0 scale mail
rPois   .          Reflect  .   (helmet restricted)
rElec   .          Harm     .   (no cloak)
rCorr   .          Rampage  .   (no gloves)
Will    .....                   (no boots)
Stlth   ..........              c - amulet of regeneration
HPRegen 1.00/turn               f - ring of fire
MPRegen 0.10/turn               (no ring)

@: about to teleport
A: horns 2, retaliatory headbutt
a: Renounce Religion, Berserk, Trog's Hand


You were on level 5 of the Dungeon.
You worshipped Trog.
Trog was pleased with you.
You visited 1 branch of the dungeon, and saw 6 of its levels.

You collected 343 gold pieces.

Inventory:

Hand Weapons
 a - a +0 falchion
 e - a +0 long sword
 p - a +0 war axe
 q - a +0 vorpal hunting sling
 s - a +1 short sword of speed
 y - a +2 demon blade of venom (weapon)
Missiles
 d - an atropa-tipped dart
 k - 4 curare-tipped darts (quivered)
 l - 11 sling bullets
Armour
 n - a +0 scale mail (worn)
 r - a +0 chain mail
Jewellery
 c - an amulet of regeneration (around neck)
 f - a ring of fire (left hand)
Wands
 t - a wand of iceblast (7)
Scrolls
 b - 3 scrolls of acquirement {acquirement}
 h - 4 scrolls of identify {identify, unknown}
 j - 3 scrolls of enchant armour {enchant armour, unknown}
 m - 2 scrolls of immolation {immolation, unknown}
 u - 2 scrolls of noise {noise, unknown}
 w - 2 scrolls of teleportation {teleport}
 x - 2 scrolls of fog {fog, unknown}
Potions
 g - a potion of flight {flight, unknown}
 i - a potion of attraction {attraction, unknown}
 o - a potion of degeneration {degeneration, unknown}


   Skills:
 + Level 5.4 Fighting
 + Level 6.7 Long Blades
 + Level 2.0 Throwing
 + Level 4.6 Armour
 + Level 4.1 Dodging
 + Level 1.3 Stealth


You had 6 spell levels left.
You didn't know any spells.
Your spell library was empty.

Dungeon Overview and Level Annotations

Branches:
Dungeon (6/15)             Temple (0/1) D:4

Altars:
Elyvilon

Shops:
D:6 *

Annotations:
D:5 Eustachio


Innate Abilities, Weirdness & Mutations

You have a pair of horns on your head.
You reflexively headbutt those who attack you in melee.


Message History

The quokka disappears in a puff of smoke!
Reactivating autopickup.
There is a stone staircase leading down here.
You slash Eustachio!
Eustachio looks as sick as possible!
Your headbutt misses Eustachio.
Eustachio is severely wounded.
The orc hits you but does no damage.
The sky beast hits you but does no damage.
The orc closely misses you. Eustachio hits you with a +0 rapier.
Something hits you. Something shocks you.
* * * LOW HITPOINT WARNING * * *
Deactivating autopickup; reactivate with Ctrl-A.
Okay, then.
Okay, then.
Okay, then.
Okay, then.
Okay, then.
As you read the scroll labelled CYWUMI QA MERE {teleport}, it crumbles to dust.
You feel strangely unstable.
It was a scroll of teleportation {teleport}.
The orc hits you but does no damage. The sky beast hits you.
* * * LOW HITPOINT WARNING * * *
The sky beast shocks you.
* * * LOW HITPOINT WARNING * * *
The orc closely misses you. You furiously retaliate!
You headbutt the orc!
You kill the orc!
Trog accepts your kill. Eustachio hits you with a +0 rapier.
* * * LOW HITPOINT WARNING * * *
Something hits you but does no damage.
Your Throwing skill increases to level 2!
Okay, then.
Something hits you.
* * * LOW HITPOINT WARNING * * *
Something shocks you.
* * * LOW HITPOINT WARNING * * *
Eustachio hits you with a +0 rapier.
You die...

# #....###...### #[..... #.####
###...### #>..... ##.# ###...#
##...## #######..#
#######.#####...... .....##.##
#................## ####....###
#................##
###..[.#####..........#.....##
#####...#.....).@........#...†...
...............o@....#.#.......##
.#####.......#.Y#####....###.....
...........####..###....####.....
.#####.....#####.##....## #..#.#.
## #(........#.#..#..####.##.#.
## ###########.#.#...##...##.#.
.# ##.......##.####.## .##
###......###..# #.## ..#
#.....#)###..#####<##


You could see Eustachio (extremely poisoned), a sky beast and an orc.

Vanquished Creatures
  Sigmund (D:5)
  Pargi (D:3)
  A sky beast (D:5)
  A black bear (D:4)
  A gnoll shaman (D:5)
  Jessica (D:3)
  A hound zombie (D:5)
  5 gnolls
  3 adders
  A shadow imp (D:5)
  An ufetubus (D:5)
  An adder zombie (D:5)
  2 worms
  4 dart slugs
  3 orcs
  2 ball pythons (D:2)
  3 endoplasms (D:1)
  2 giant cockroaches
  4 goblins
  5 hobgoblins
  3 quokkas
  3 bats
  2 frilled lizards
  4 kobolds
  3 rats
58 creatures vanquished.

Vanquished Creatures (collateral kills)
  3 gnolls (D:5)
3 creatures vanquished.

Vanquished Creatures (others)
  9 plants (D:3)
9 creatures vanquished.

Grand Total: 70 creatures vanquished

Notes
Turn   | Place    | Note
-------+----------+-------------------------------------------
     0 | D:1      | croobank the Minotaur Berserker began the quest for the
                  | Orb.
     0 | D:1      | Reached XP level 1. HP: 19/19 MP: 0/0
   311 | D:1      | Reached skill level 4 in Long Blades
   311 | D:1      | Reached XP level 2. HP: 27/27 MP: 1/1
   894 | D:2      | Reached XP level 3. HP: 31/33 MP: 2/2
  1718 | D:3      | Noticed Jessica
  1721 | D:3      | Killed Jessica
  1722 | D:3      | Reached XP level 4. HP: 41/41 MP: 3/3
  2137 | D:3      | Noticed Pargi
  2168 | D:3      | Killed Pargi
  2169 | D:3      | Reached skill level 5 in Long Blades
  2169 | D:3      | Reached XP level 5. HP: 28/47 MP: 4/4
  2477 | D:4      | Found a white marble altar of Elyvilon.
  2649 | D:4      | Noticed a black bear
  2656 | D:4      | Killed a black bear
  2657 | D:4      | Reached skill level 5 in Fighting
  2657 | D:4      | Reached skill level 1 in Throwing
  2657 | D:4      | Reached XP level 6. HP: 51/56 MP: 5/5
  2694 | D:4      | Found a staircase to the Ecumenical Temple.
  3118 | D:5      | Entered Level 5 of the Dungeon
  3147 | D:5      | Reached skill level 6 in Long Blades
  3226 | D:5      | Reached skill level 1 in Stealth
  3226 | D:5      | Reached ** piety under Trog
  3279 | D:5      | Noticed a sky beast
  3290 | D:5      | Killed a sky beast
  3293 | D:5      | Reached XP level 7. HP: 46/61 MP: 6/6
  3309 | D:6      | Found Wetiomp's General Store.
  3449 | D:5      | Noticed Sigmund
  3463 | D:5      | Killed Sigmund
  3635 | D:6      | Noticed Eustachio
  3638 | D:5      | Identified 4 scrolls of acquirement {acquirement}
  3638 | D:5      | Acquired a +1 demon blade of venom
  3649 | D:5      | HP: 1/61 [something (6)]
  3649 | D:5      | Slain by Eustachio

Illustrated notes

Levels and vault maps discovered:
D:1:      minmay_arrival_checkered_box, layout_basic, minmay_pentomino_q2
D:2:      layout_loops_cross
D:3:      layout_loops_corners, serial_bayou, serial_bayou_pond_c,
          serial_bayou_lagoon_b, serial_bayou_pond_c, serial_bayou_pond_e,
          uniq_pargi, uniq_jessica
D:4:      layout_basic, marbit_many_paths, minmay_temple_entry_enclosed_plants,
          hex_intersection
D:5:      layout_rooms, uniq_sigmund
D:6:      layout_rooms, serial_shops, shop, nicolae_diamond_shop,
          nicolae_shop_advertising_works [nicolae_subvault_shop_adworks], shop,
          chequers_serial_rivers_micro_a, uniq_eustachio

Skill      XL: |  1  2  3  4  5  6  7 |
---------------+----------------------+-----
Long Blades    | 4 5 6 |  6.7
Fighting       | 4 5 |  5.4
Armour         | 3 4 |  4.6
Dodging        | 3 4 |  4.1
Throwing       | 1 2 |  2.0
Stealth        | 1 |  1.3

Action                   |  1- 3 |  4- 6 |  7- 9 || total
-------------------------+-------+-------+-------++-------
Melee: Falchion          |    74 |    67 |    17 ||   158
       Headbutt          |    12 |    15 |     3 ||    30
       Demon blade       |       |       |     3 ||     3
Throw: Dart              |     8 |     6 |     3 ||    17
Invok: Berserk           |       |     1 |       ||     1
  Use: Potion            |       |     2 |       ||     2
       Scroll            |       |     2 |     3 ||     5
Armor: Animal skin       |     3 |       |       ||     3
       Leather armour    |     8 |     9 |       ||    17
       Scale mail        |       |       |    21 ||    21
Dodge: Dodged            |    53 |    50 |    12 ||   115

Table legend: (Time is in decaauts)
 A = Elapsed time spent in this place.
 B = Non-inter-level travel time spent in this place.
 C = Inter-level travel time spent in this place.
 D = Time resting spent in this place.
 E = Time spent auto-exploring this place.
 F = Levels seen in this place.
 G = Mean time per level.
                   A        B        C        D        E       F      G
               +--------+--------+--------+--------+--------+-----+--------+
         Total |   3709 |   3611 |     98 |     28 |   2828 |   6 |  618.2 |
       Dungeon |   3709 |   3611 |     98 |     28 |   2828 |   6 |  618.2 |
               +--------+--------+--------+--------+--------+-----+--------+

Top non-repeatable levels by time:
     D:3: 954 daAuts
     D:1: 839 daAuts
     D:4: 697 daAuts
     D:2: 686 daAuts
     D:5: 523 daAuts
     D:6: 8 daAuts
